 Dungeon Crawl Stone Soup version 0.18.1-48-g4cf74bf (webtiles) character file.

60 Melfield the Shield-Bearer (level 4, 0/28 HPs)
             Began as a Gargoyle Fighter on Aug 11, 2016.
             Slain by a gnoll
             ... wielding a +0 spear
              (1 damage)
             ... on level 3 of the Dungeon.
             The game lasted 00:04:52 (823 turns).

Melfield the Shield-Bearer (Gargoyle Fighter)        Turns: 823, Time: 00:04:53

Health: 0/28       AC: 10    Str: 25    XL:     4   Next: 6%
Magic:  4/4        EV:  8    Int:  9    God:
Gold:   12         SH: 10    Dex:  9    Spells: 0 memorised, 3 levels left

rFire  . . .     SeeInvis .     a - +0 flail
rCold  . . .     Gourm    .     b - +0 scale mail
rNeg   + . .     Faith    .     c - +0 shield
rPois  ∞         Spirit   .     (no helmet)
rElec  +         Dismiss  .     (no cloak)
rCorr  .         Reflect  .     (no gloves)
SustAt .         Harm     .     (no boots)
MR     .....                    (no amulet)
Stlth  ..........               (no ring)
                                (no ring)

@: mighty, not resistant to hostile enchantments, extremely unstealthy
A: negative energy resistance 1, electricity resistance, unbreathing,
petrification resistance, rot immunity, AC +3
a: no special abilities


You were on level 3 of the Dungeon.
You were not hungry.

You visited 1 branch of the dungeon, and saw 3 of its levels.

You collected 12 gold pieces.

Inventory:

Hand Weapons
 a - a +0 flail (weapon)
 q - a +0 flail
Armour
 b - a +0 scale mail (worn)
 c - a +0 shield (worn)
 h - a cursed +0 ring mail
Scrolls
 e - 2 scrolls of enchant armour {unknown}
 i - a scroll of remove curse {unknown}
 j - a scroll of identify {unknown}
 m - 2 scrolls of teleportation {unknown}
Potions
 g - 2 potions of lignification {unknown}
 k - a potion of resistance {unknown}
 n - a potion of heal wounds {unknown}
 o - a potion of beneficial mutation {unknown}
 p - 2 potions of berserk rage {unknown}
Comestibles
 f - 3 bread rations
 l - 4 fruits


   Skills:
 + Level 3.5 Fighting
 + Level 2.5 Maces & Flails
 + Level 3.6 Armour
 + Level 0.7 Dodging
 + Level 4.1 Shields


You had 3 spell levels left.
You didn't know any spells.

Dungeon Overview and Level Annotations

Branches:
Dungeon (3/15)

Altars:


Innate Abilities, Weirdness & Mutations

You are resistant to torment.
Your stone body is resilient (AC +3).
You are immune to poison.
You resist negative energy.
You are resistant to electric shocks.
You can survive without breathing.
You are immune to petrification.
You are immune to rotting.


Message History

You block the gnoll's attack. You block the orc's attack.
Found a stone staircase leading down and a stone staircase leading up.
There is an open door here.
You block the orc's attack.
You close the door.
A gnoll opens the door.
The orc barely misses you. The gnoll barely misses you.
You block the gnoll's attack. The gnoll hits you but does no damage.
There is an open door here.
There's nothing to close nearby.
The orc hits you but does no damage.
The gnoll hits you from afar with a spear of flaming.
* * * LOW HITPOINT WARNING * * *
The gnoll burns you.
* * * LOW HITPOINT WARNING * * *
The gnoll hits you from afar with a spear.
* * * LOW HITPOINT WARNING * * *
You feel very mighty all of a sudden. You block the orc's attack.
The gnoll hits you but does no damage.
The gnoll hits you from afar with a spear.
You die...

#.# ... #.# #.###
#<.. #>. #.# ... #@#
#.... ##'#####...
#ggo.....# .
#.gg.....# #
#........#### # ###
#...!.......#.# ..
#...........#.# ###
##............# .?
#########.....#######


You could see 4 gnolls and an orc.

Vanquished Creatures
  An adder (D:2)
  An ooze (D:1)
  A worm (D:2)
  A dart slug (D:1)
  An orc (D:3)
  5 bats
  2 giant cockroaches
  3 goblins
  7 hobgoblins
  3 jackals (D:1)
  5 kobolds
  A giant newt (D:2)
  7 rats
38 creatures vanquished.

Notes
Turn   | Place    | Note
--------------------------------------------------------------
     0 | D:1      | Melfield the Gargoyle Fighter began the quest for the Orb.
     0 | D:1      | Reached XP level 1. HP: 14/14 MP: 1/1
   100 | D:1      | Reached XP level 2. HP: 19/19 MP: 2/2
   308 | D:1      | Reached XP level 3. HP: 23/23 MP: 3/3
   427 | D:2      | Reached skill level 4 in Shields
   697 | D:2      | Reached XP level 4. HP: 27/28 MP: 4/4
   822 | D:3      | HP: 1/28 [gnoll/spear (3)]
   823 | D:3      | Slain by a gnoll

Skill      XL: |  1  2  3 |
---------------+----------+-----
Shields        | 4 |  4.1
Fighting       | |  3.5
Maces & Flails | |  2.5
Armour         | |  3.6
Dodging        | |  0.7

Action                   |  1- 3 |  4- 6 || total
-------------------------+-------+-------++-------
Melee: Flail             |   129 |     9 ||   138
  Use: Potion            |       |     1 ||     1
Armor: Scale mail        |    71 |    16 ||    87
Dodge: Dodged            |    58 |    11 ||    69
Block: Shield            |    90 |    16 ||   106
